 Dungeon Crawl Stone Soup version 0.30.0-5-g1a98f26d00 (webtiles) character file.

Game seed: 17598125527499091320

3776 croobank the Sneak (level 10, -2/59 HPs)
             Began as an Octopode Fire Elementalist on May 12, 2023.
             Was a Priest of Hepliaklqana.
             Slain by a lemure (6 damage)
             ... led by Pikel
             ... on level 9 of the Dungeon.
             The game lasted 00:23:45 (9215 turns).

croobank the Sneak (Octopode Fire Elementalist)     Turns: 9215, Time: 00:23:46

Health: -2/59      AC:  1    Str: 15    XL:     10   Next: 16%
Magic:  9/17       EV: 14    Int: 21    God:    Hepliaklqana [***...]
Gold:   315        SH:  5    Dex: 12    Spells: 15/18 levels left

rFire   . . .        a - +1 short sword (venom)
rCold   . . .        d - +0 buckler
rNeg    . . .        (helmet restricted)
rPois   .            (no amulet)
rElec   .            m - ring of flight
rCorr   .            r - +6 ring of strength
SInv    .            (no ring)
Will    .....        (no ring)
Stlth   ++++         (no ring)
HPRegen 0.29/turn    (no ring)
MPRegen 0.15/turn    (no ring)
                     (no ring)

%: no passive effects
@: flying
A: reduced essence, almost no armour, amphibious, 8 rings, camouflage 1,
gelatinous body 1, (nimble swimmer 1), tentacles
a: Renounce Religion, Recall Ancestor, Ancestor Identity, Transference


You were on level 9 of the Dungeon.
You worshipped Hepliaklqana.
Hepliaklqana was most pleased with you.
You visited 1 branch of the dungeon, and saw 9 of its levels.
You also visited: Ossuary.

You collected 419 gold pieces.
You spent 104 gold pieces at shops.

Inventory:

Hand Weapons
 a - a +1 short sword of venom (weapon)
 b - a +0 dagger
 e - a +2 heavy hand axe
 i - a +2 vampiric hand axe
Missiles
 l - 4 poisoned darts (quivered)
Armour
 d - a +0 buckler (worn)
Jewellery
 m - a ring of flight (left tentacle)
 r - a +6 ring of strength (right tentacle)
 v - a ring of ice
Scrolls
 g - 9 scrolls of teleportation
 j - a scroll of vulnerability
 k - 2 scrolls of fear
 p - a scroll of immolation
 y - a scroll of poison
Potions
 c - 2 potions of haste
 f - 3 potions of berserk rage
 h - 2 potions of heal wounds
 n - 2 potions of might
 o - 3 potions of cancellation
 q - a potion of brilliance
 u - a potion of flight {unknown}
 w - a potion of ambrosia
 x - 3 potions of mutation {unknown}
 z - 4 potions of degeneration {unknown}


   Skills:
 + Level 5.3 Fighting
 + Level 5.1 Dodging
 + Level 7.5 Stealth
 * Level 4.5 Shields
 + Level 4.9 Spellcasting
 + Level 4.8 Conjurations
 + Level 5.7 Fire Magic
 + Level 5.8 Invocations


You had 15 spell levels left.
You knew the following spells:

 Your Spells              Type           Power      Damage    Failure   Level
a - Foxfire               Conj/Fire      100%       2x1d9     1%          1
b - Scorch                Fire           58%        2d7       1%          2

Your spell library contained the following spells:

 Spells                   Type           Power      Damage    Failure   Level
 Inner Flame              Hex/Fire       17%        N/A       13%         3
 Volatile Blastmotes      Fire/Tloc      34%        2d12      13%         3
 Beastly Appendage        Tmut           10%        N/A       14%         1
 Flame Wave               Conj/Fire      27%        2d9       16%         4
 Poisonous Vapours        Pois/Air       10%        N/A       22%         2
 Sublimation of Blood     Necr           5%         N/A       22%         2
 Wereblood                Tmut           5%         N/A       22%         2
 Mephitic Cloud           Conj/Pois/Air  11%        N/A       22%         3
 Spider Form              Tmut/Pois      5%         N/A       38%         3
 Fireball                 Conj/Fire      13%        3d7       41%         5
 Iskenderun's Battlesphe  Conj           25%        2d8       45%         5
 Freezing Cloud           Conj/Ice/Air   5%         6-21      89%         5
 Conjure Ball Lightning   Conj/Air       7%         3x3d6     100%        6
 Orb of Destruction       Conj           12%        9d7       100%        7
 Summon Hydra             Summ           2%         N/A       100%        7


Dungeon Overview and Level Annotations

Branches:
Dungeon (9/15)             Temple (0/1) D:7         Ossuary (visited)
   Lair: D:8-11         Orc: D:9-12

Altars:
Cheibriados
Gozag
Hepliaklqana
Okawaru
Trog
Vehumet
Wu Jian

Shops:
D:1 =   D:2 *   D:3 !   D:4 *!*   D:6 =

Annotations:
D:2 1 runed translucent door, Crazy Yiuf
D:8 Pikel
D:9 Maurice


Innate Abilities, Weirdness & Mutations

Your life essence is reduced to manifest your ancestor. (-10% HP)
You cannot wear most types of armour.
You are amphibious.
You can wear up to eight rings at the same time.
Your skin changes colour to match your surroundings (Stealth+).
Your rubbery body absorbs attacks. (AC +1, EV +1)
((You are camouflaged when in or above water. (Stealth+)))
You have tentacles for arms and can constrict up to eight enemies at once.


Message History

Maurice flickers and vanishes!
Deactivating autopickup; reactivate with Ctrl-A.
You block the lemure's attack. The lemure hits you!
There is a stone staircase leading down here.
Casting: Scorch (safe; 1% risk of failure)
Confirm with . or Enter, or press ? or * to list all spells.
Okay, then.
The lemure misses you. The lemure barely misses you. Something hits you.
Something steals 2 of your 4 potions of might!
You fly downwards.
Reactivating autopickup.
There is a stone staircase leading up here.
Casting: Scorch (safe; 1% risk of failure)
Confirm with . or Enter, or press ? or * to list all spells.
Flames lash something.
You block the lemure's attack. The lemure closely misses you.
Casting: Scorch (safe; 1% risk of failure)
Confirm with . or Enter, or press ? or * to list all spells.
Flames lash the lemure.
The lemure is lightly wounded.
The lemure's fire resistance burns away.
The lemure hits you! The lemure hits you.
You hear some strange, mumbled words.
Casting: Scorch (safe; 1% risk of failure)
Confirm with . or Enter, or press ? or * to list all spells.
Flames lash the lemure.
The lemure is moderately wounded.
The lemure's fire resistance burns away.
The lemure hits you. The lemure hits you! Something hits you!
* * * LOW HITPOINT WARNING * * *
Something steals your +5 tower shield!
Deactivating autopickup; reactivate with Ctrl-A.
Casting: Scorch (safe; 1% risk of failure)
Confirm with . or Enter, or press ? or * to list all spells.
Flames lash the lemure.
The lemure is burned terribly!
The lemure is moderately wounded.
The lemure hits you!
* * * LOW HITPOINT WARNING * * *
The lemure hits you.
You die...

##. .. .. .
##. .
##..#### ...
#...55.#..#..
#@.......
#[.......
.........
#.........
#.........
#.........
#.........
......####


You could see 2 lemures.

Vanquished Creatures
  2 yaks
  2 water moccasins
  2 ice beasts (D:7)
  2 ogres
  4 black bears
  A centaur (D:6)
  2 bullfrogs
  A scorpion (D:5)
  3 killer bees (D:8)
  5 howler monkeys (D:7)
  An electric eel (D:7)
  6 orc priests
  2 hounds
  A sleepcap (D:6)
  Jessica (D:2)
  An iguana (D:6)
  3 orc wizards (D:7)
  A hound zombie (Ossuary)
  2 mummies (Ossuary)
  4 gnolls (D:4)
  10 adders
  A white imp (D:7)
  A worm (D:2)
  4 dart slugs
  19 orcs
  2 ball pythons
  7 bats
  4 endoplasms
  2 giant cockroaches
  A gnoll zombie (Ossuary)
  14 goblins
  5 hobgoblins
  5 jackals
  4 quokkas
  5 frilled lizards
  2 goblin zombies (Ossuary)
  A hobgoblin zombie (Ossuary)
  A jackal zombie (Ossuary)
  6 kobolds
  2 orc zombies (Ossuary)
  4 rats
146 creatures vanquished.

Vanquished Creatures (collateral kills)
  Prince Ribbit (D:7)
  A yak (D:8)
  A steam dragon (D:8)
  An ogre (D:5)
  A centaur (D:7)
  A lemure (D:7)
  An elf zombie (Ossuary)
  A bullfrog (D:6)
  A scorpion (D:5)
  A howler monkey (D:7)
  A hound (D:6)
  A jelly (D:6)
  2 iguanas
  2 orc wizards (D:5)
  2 mummies (Ossuary)
  An adder (D:4)
  An ufetubus (D:7)
  7 orcs
  An endoplasm (D:4)
  A goblin zombie (Ossuary)
  A jackal zombie (Ossuary)
  A rat zombie (Ossuary)
  5 foxfires
36 creatures vanquished.

Vanquished Creatures (others)
  Psyche (D:8)
  2 ancestors (D:4)
  392 foxfires
395 creatures vanquished.

Grand Total: 577 creatures vanquished

Notes
Turn   | Place    | Note
-------+----------+-------------------------------------------
     0 | D:1      | croobank the Octopode Fire Elementalist began the quest for
                  | the Orb.
     0 | D:1      | Reached XP level 1. HP: 11/11 MP: 3/3
    18 | D:1      | Found Imaopru's Jewellery Shop.
   145 | D:1      | Reached XP level 2. HP: 17/17 MP: 1/5
   148 | D:1      | Learned a level 2 spell: Scorch
   244 | D:1      | Reached skill level 3 in Stealth
   813 | D:1      | Reached XP level 3. HP: 15/21 MP: 1/6
  1507 | D:2      | Noticed Jessica
  1514 | D:2      | Killed Jessica
  1515 | D:2      | Reached XP level 4. HP: 27/27 MP: 1/7
  1953 | D:2      | Found Icen Dyll's General Store.
  1961 | D:2      | Bought a scroll of fear for 44 gold pieces
  2482 | D:2      | Found a runed translucent door.
  2483 | D:2      | Noticed Crazy Yiuf
  2599 | D:3      | Found a hazy altar of Hepliaklqana.
  2650 | D:3      | Reached XP level 5. HP: 32/32 MP: 3/9
  2746 | D:3      | Reached skill level 1 in Fighting
  2822 | D:3      | Became a worshipper of Hepliaklqana the Forgotten
  3280 | D:3      | Reached * piety under Hepliaklqana
  3408 | D:3      | Found Emexierph's Distillery.
  3452 | D:3      | Reached skill level 4 in Stealth
  3948 | D:4      | Found Egofal's General Store.
  3949 | D:4      | Reached skill level 1 in Invocations
  4146 | D:3      | Bought a potion of heal wounds for 60 gold pieces
  4187 | D:4      | Found an opulent altar of Gozag.
  4212 | D:4      | Reached XP level 6. HP: 18/35 MP: 5/10
  4348 | D:4      | Found Luary's Distillery.
  4353 | D:4      | Found Fiacaytu's Assorted Antiques.
  4922 | D:5      | Entered Level 5 of the Dungeon
  4922 | D:5      | Noticed a black bear
  4930 | D:5      | Killed a black bear
  5044 | D:5      | Noticed a water moccasin
  5045 | D:5      | Reached XP level 7. HP: 40/40 MP: 8/11
  5055 | D:5      | Reached ** piety under Hepliaklqana
  5056 | D:5      | Remembered your ancestor Vusi as a battlemage
  5249 | D:5      | Reached skill level 5 in Stealth
  5472 | D:5      | Reached XP level 8. HP: 44/46 MP: 6/13
  5928 | D:6      | Found a sand-covered staircase.
  5937 | Ossuary  | Entered an ossuary
  6359 | D:6      | Found an ornate altar of the Wu Jian Council.
  6359 | D:6      | Found a snail-covered altar of Cheibriados.
  6533 | D:6      | Found a radiant altar of Vehumet.
  6589 | D:6      | Found Nuddag's Jewellery Shop.
  6850 | D:6      | Reached *** piety under Hepliaklqana
  7034 | D:6      | Reached skill level 6 in Stealth
  7034 | D:6      | Reached skill level 1 in Shields
  7402 | D:6      | Found an iron altar of Okawaru.
  8065 | D:7      | Noticed Prince Ribbit
  8067 | D:7      | Reached skill level 5 in Fire Magic
  8067 | D:7      | Reached XP level 9. HP: 41/53 MP: 1/15
  8075 | D:7      | Killed Prince Ribbit
  8119 | D:7      | Reached skill level 5 in Invocations
  8228 | D:7      | Found a bloodstained altar of Trog.
  8427 | D:7      | Found a staircase to the Ecumenical Temple.
  8743 | D:7      | Reached skill level 7 in Stealth
  8917 | D:8      | Noticed Pikel
  8921 | D:8      | Noticed Psyche
  8928 | D:7      | Reached skill level 5 in Fighting
  9080 | D:8      | Reached skill level 5 in Dodging
  9083 | D:8      | Reached XP level 10. HP: 45/59 MP: 7/17
  9091 | D:8      | Noticed Maurice
  9099 | D:8      | Killed Psyche
  9215 | D:9      | Slain by a lemure

Illustrated notes

Levels and vault maps discovered:
D:1:      nzn_arrival_crosshair, layout_basic, serial_shops,
          nicolae_shop_peninsula, nicolae_kite_square_tiling_tiny,
          solitary_fountain
D:2:      layout_basic, serial_shops, shop, minmay_misc_feat_encased,
          uniq_jessica, uniq_crazy_yiuf_cottage
D:3:      layout_basic, nicolae_hepliaklqana_hazy_memory, serial_shops,
          nicolae_shop_competitors_out_of_business, nicolae_figureground_sparkle
D:4:      layout_loops_ring, grunt_gozag_statues, serial_shops,
          nicolae_shop_tiny_glass, shop, nicolae_shop_hallway_stairs
D:5:      layout_cave_pools, serial_column_ruins, column_ruins_open_tiny_water,
          column_ruins_grid_1, column_ruins_grid_3, column_ruins_open_small
D:6:      layout_layer_cave, kennysheep_little_box, vehumet_crystals,
          gammafunk_temple_overflow_statue, enter_ossuary_2,
          serial_co_window_serial, co_window_corner_a, co_window_paths_a,
          co_window_cross_1, co_window_paths_a, co_window_of_opportunity_a,
          co_window_corner_ca, co_window_unsneaky_path_b, co_window_2corner,
          co_window_broadway_b, co_window_2corner, co_window_broadway_c,
          co_window_paths_d, glass_columns_a, glass_columns_c, glass_columns_a,
          serial_shops, nicolae_shop_peninsula, chequers_avenue
D:7:      layout_rooms, trog_ov_bears_minmay, temple_fountains,
          serial_bayou_ford_a, uniq_prince_ribbit1
D:8:      layout_rooms, bloody_makhleb, serial_glass, glass_columns_a,
          glass_columns_b, glass_columns_b, glass_columns_c, glass_columns_b,
          glass_columns_a, glass_columns_b, glass_columns_c, glass_columns_b,
          glass_columns_a, uniq_maurice, uniq_pikel, uniq_psyche
D:9:      layout_cave_pools, minmay_checkerbox, uniq_grum, uniq_erolcha

Skill      XL: |  1  2  3  4  5  6  7  8  9 |
---------------+----------------------------+-----
Stealth        | 3 4 5 6 7 |  7.5
Conjurations   | 2 3 4 |  4.8
Fighting       | 1 2 3 4 5 |  5.3
Invocations    | 1 2 3 4 5 |  5.8
Dodging        | 3 4 5 |  5.1
Spellcasting   | 3 4 |  4.9
Fire Magic     | 4 5 |  5.7
Shields        | 1 4 |  4.5

Action                     |  1- 3 |  4- 6 |  7- 9 | 10-12 || total
---------------------------+-------+-------+-------+-------++-------
  Melee: Short sword       |    13 |    33 |    40 |       ||    86
         Constrict         |     1 |    10 |    15 |       ||    26
         Tentacles         |     1 |     2 |    18 |       ||    21
         Punch             |       |       |     1 |       ||     1
  Throw: Dart              |       |       |       |     3 ||     3
         Throwing net      |       |       |       |     1 ||     1
   Cast: Foxfire           |    55 |    83 |    95 |     5 ||   238
         Scorch            |     6 |    25 |    49 |     6 ||    86
 Invoke: Ancestor Life: Ba |       |       |     1 |       ||     1
         Recall Ancestor   |       |       |     1 |       ||     1
    Use: Potion            |       |     2 |     1 |       ||     3
         Scroll            |       |       |    18 |       ||    18
   Stab: Sleeping          |     1 |     6 |     1 |       ||     8
         Distracted        |       |     1 |       |       ||     1
 Armour: Skin              |     1 |     1 |     4 |     1 ||     7
  Dodge: Dodged            |     6 |    24 |    40 |     5 ||    75
  Block: Buckler           |       |       |     6 |     2 ||     8
